 Dungeon Crawl Stone Soup version 0.31-a0-996-g3b49de5836 (webtiles) character file.

Game seed: 1622239180624387420

2351068 Majang the Sorcerer (level 27, 166/166 HPs)
             Began as a Gargoyle Earth Elementalist on Nov 4, 2023.
             Was the Champion of Vehumet.
             Escaped with the Orb
             ... and 4 runes on Nov 7, 2023!
             The game lasted 09:45:08 (69976 turns).

Majang the Sorcerer (Gargoyle Earth Elementalist)  Turns: 69976, Time: 09:45:09

Health: 166/166    AC: 34    Str: 10 (12) XL:     27
Magic:  51/51      EV: 15    Int: 44 (46) God:    Vehumet [******]
Gold:   7326       SH:  0    Dex:  8      Spells: 3/75 levels left

rFire   + + .        a - staff of earth
rCold   + + .        F - orb {*channel}
rNeg    + . .        Q - +2 robe {rC+ rF+}
rPois   ∞            u - +1 helmet of Ydorch {rCorr Int+2}
rElec   +            p - +2 cloak {rC+}
rCorr   +            O - +1 pair of gloves of Summertime {rElec rPois rF+ Int+2}
SInv    .            D - +2 pair of boots
Will    ++...        R - amulet of Vitality {RegenMP++ Regen++}
Stlth   +            H - +6 ring of intelligence
HPRegen 2.07/turn    j - +6 ring of intelligence
MPRegen 1.12/turn

%: channel magic (20%)
@: flying, studying Unarmed Combat
A: sickness immunity, AC +20, big wings, negative energy resistance 1,
electricity resistance, torment resistance 1, petrification resistance, clumsy 1
0: Orb of Zot
}: 4/15 runes: decaying, silver, abyssal, gossamer
a: Renounce Religion


You escaped.
You worshipped Vehumet.
Vehumet was exalted by your worship.
You visited 12 branches of the dungeon, and saw 52 of its levels.
You visited the Abyss 1 time.
You visited 1 bazaar.
You also visited: Ice Cave and Wizlab.

You collected 12555 gold pieces.
You spent 5229 gold pieces at shops.

Inventory:

Armour
 p - a +2 cloak of cold resistance (worn)
 u - the +1 helmet of Ydorch (worn) {rCorr Int+2}
   (You found it on level 1 of the Crypt)

   Int+2:     It affects your intelligence (+2).
   rCorr:     It protects you from acid and corrosion.
 D - a +2 pair of boots (worn)
 E - a scarf of repulsion
 F - an orb of energy (worn)
 O - the +1 pair of gloves of Summertime (worn) {rElec rPois rF+ Int+2}
   (You found it on level 3 of the Depths)

   Int+2:     It affects your intelligence (+2).
   rF+:       It protects you from fire.
   rElec:     It insulates you from electricity.
   rPois:     It protects you from poison
 Q - a +2 robe of resistance (worn)
Magical Staves
 a - a staff of earth (weapon)
 b - a staff of fire
Jewellery
 g - the ring of the Louse {rF+ rC+ rCorr SInv}
   (You found it on level 5 of the Vaults)

   [ring of protection from fire]

   rF+:       It protects you from fire.
   rC+:       It protects you from cold.
   SInv:      It lets you see invisible.
   rCorr:     It protects you from acid and corrosion.
 j - a +6 ring of intelligence (right hand)
 s - a ring of fire
 H - a +6 ring of intelligence (left hand)
 R - the amulet of Vitality (around neck) {RegenMP++ Regen++}
   (You bought it in a shop on level 5 of the Vaults)

   [amulet of magic regeneration]

   RegenMP:   It increases your rate of magic regeneration.
   Regen++:   It increases your rate of health regeneration.
Wands
 m - a wand of roots (40)
 G - a wand of digging (23)
 M - a wand of quicksilver (13)
Scrolls
 d - 18 scrolls of teleportation
 l - 8 scrolls of fog
 r - 8 scrolls of immolation
 v - a scroll of enchant armour
 w - a scroll of summoning
 y - 5 scrolls of blinking
 z - 4 scrolls of amnesia
 K - 10 scrolls of fear
 N - 7 scrolls of poison
Potions
 c - 28 potions of curing
 f - 8 potions of cancellation
 k - 8 potions of haste
 n - 3 potions of invisibility
 o - 9 potions of heal wounds
 q - 9 potions of resistance
 t - 9 potions of mutation
 x - 8 potions of ambrosia
 C - 3 potions of magic
 L - 2 potions of brilliance
Miscellaneous
 e - a condenser vane
 h - a lightning rod (4/4)
 B - a phial of floods
 J - a phantom mirror


   Skills:
 + Level 15.2 Fighting
 - Level 12.0 Staves
 + Level 13.4 Dodging
 - Level 2.1 Stealth
 * Level 24.8 Spellcasting
 + Level 22.9 Conjurations
 - Level 2.0 Transmutations
 + Level 22.4 Fire Magic
 + Level 22.8 Earth Magic
 + Level 13.6 Evocations


You had 3 spell levels left.
You knew the following spells:

 Your Spells              Type           Power      Damage    Failure   Level
b - Bombard               Conj/Erth      77%        9d12      1%          6
c - Lehudib's Crystal Sp  Conj/Erth      77%        10d17     1%          8
d - Fireball              Conj/Fire      65%        3d25      1%          5
f - Fire Storm            Conj/Fire      65%        8d16      2%          9
i - Ignition              Fire           64%        3d17      1%          8
l - Lee's Rapid Deconstr  Erth           77%        3d35*     1%          5
p - Plasma Beam           Fire/Air       50%        2x1d65    1%          6
q - Shatter               Erth           77%        3d56*     2%          9
s - Starburst             Conj/Fire      65%        6d17      1%          6
t - Blink                 Tloc           100%       N/A       3%          2
u - Irradiate             Conj/Tmut      52%        3d29      1%          5
w - Passwall              Tmut/Erth      100%       N/A       1%          2
y - Apportation           Tloc           100%       N/A       2%          1

Your spell library contained the following spells:

 Spells                   Type           Power      Damage    Failure   Level
 Foxfire                  Conj/Fire      100%       2x1d9     1%          1
 Freeze                   Ice            100%       1d10      1%          1
 Kiss of Death            Conj/Necr      100%       2d13      1%          1
 Magic Dart               Conj           100%       1d8       1%          1
 Sandblast                Erth           100%       2d20      1%          1
 Shock                    Conj/Air       100%       1d9       1%          1
 Momentum Strike          Conj/Tloc      100%       3d10      1%          2
 Poisonous Vapours        Pois/Air       100%       N/A       1%          2
 Searing Ray              Conj           100%       2d8       1%          2
 Static Discharge         Conj/Air       100%       3-8/arc   1%          2
 Dazzling Flash           Conj/Hex       100%       N/A       1%          3
 Frozen Ramparts          Ice            100%       1d16      1%          3
 Hailstorm                Conj/Ice       100%       3d20      1%          3
 Ignite Poison            Fire/Tmut/Pois 90%        N/A       1%          3
 Inner Flame              Hex/Fire       100%       N/A       1%          3
 Mephitic Cloud           Conj/Pois/Air  89%        N/A       1%          3
 Stone Arrow              Conj/Erth      100%       3d13      1%          3
 Volatile Blastmotes      Fire/Tloc      100%       2d18      1%          3
 Slow                     Hex            100%       N/A       2%          1
 Sting                    Tmut/Pois      100%       1d8       2%          1
 Summon Small Mammal      Summ           100%       N/A       2%          1
 Wereblood                Tmut           64%        N/A       2%          2
 Ensorcelled Hibernation  Hex/Ice        100%       N/A       3%          2
 Jinxbite                 Hex            100%       N/A       3%          2
 Lesser Beckoning         Tloc           100%       N/A       3%          2
 Call Canine Familiar     Summ           53%        N/A       4%          3
 Confusing Touch          Hex            53%        N/A       4%          3
 Ozocubu's Armour         Ice            53%        N/A       4%          3
 Sigil of Binding         Hex            53%        N/A       4%          3
 Summon Guardian Golem    Hex/Summ       53%        N/A       4%          3
 Swiftness                Air            53%        N/A       4%          3
 Vampiric Draining        Necr           53%        2d9       4%          3
 Animate Armour           Summ/Erth      100%       N/A       1%          4
 Brom's Barrelling Bould  Conj/Erth      100%       2d11      1%          4
 Flame Wave               Conj/Fire      100%       2d21      1%          4
 Fulminant Prism          Conj/Hex       51%        3d22      1%          4
 Leda's Liquefaction      Hex/Erth       62%        N/A       1%          4
 Petrify                  Tmut/Erth      100%       N/A       1%          4
 Sticky Flame             Conj/Fire      100%       2d11      1%          4
 Borgnjor's Vile Clutch   Necr/Erth      62%        N/A       1%          5
 Freezing Cloud           Conj/Ice/Air   44%        6-21      1%          5
 Iskenderun's Battlesphe  Conj           100%       2d15      1%          5
 Spellforged Servitor     Conj/Summ      51%        N/A       2%          7
 Airstrike                Air            26%        2d(4-20)  3%          4
 Olgreb's Toxic Radiance  Pois           53%        N/A       3%          4
 Anguish                  Hex/Necr       26%        N/A       11%         4
 Animate Dead             Necr           53%        N/A       11%         4
 Cause Fear               Hex            26%        N/A       11%         4
 Dimensional Bullseye     Hex/Tloc       26%        N/A       11%         4
 Dispel Undead            Necr           53%        3d19      11%         4
 Manifold Assault         Tloc           53%        N/A       11%         4
 Summon Ice Beast         Ice/Summ       53%        N/A       11%         4
 Summon Lightning Spire   Summ/Air       53%        N/A       11%         4
 Vhi's Electric Charge    Tloc/Air       100%       N/A       11%         4
 Alistair's Intoxication  Tmut/Pois      39%        N/A       16%         5
 Eringya's Noxious Bog    Tmut/Pois      29%        4d6       16%         6
 Agony                    Necr           53%        N/A       22%         5
 Metabolic Englaciation   Hex/Ice        26%        N/A       22%         5
 Silence                  Hex/Air        26%        N/A       22%         5
 Summon Forest            Summ/Tloc      26%        N/A       22%         5
 Summon Mana Viper        Hex/Summ       53%        N/A       22%         5
 Death Channel            Necr           26%        N/A       63%         6
 Dispersal                Tloc           26%        N/A       63%         6
 Summon Cactus Giant      Summ           26%        N/A       63%         6
 Chain Lightning          Conj/Air       51%        3d68      67%         9
 Enfeeble                 Hex            26%        N/A       98%         7
 Haunt                    Necr/Summ      26%        N/A       98%         7
 Malign Gateway           Summ/Tloc      26%        N/A       98%         7
 Monstrous Menagerie      Summ           26%        N/A       98%         7
 Summon Hydra             Summ           26%        N/A       98%         7
 Maxwell's Capacitive Co  Air            26%        ∞         99%         8
 Borgnjor's Revivificati  Necr           26%        N/A       100%        8
 Discord                  Hex            26%        N/A       100%        8
 Disjunction              Tloc           26%        N/A       100%        8
 Infestation              Necr           26%        N/A       100%        8
 Summon Horrible Things   Summ           26%        N/A       100%        8
 Death's Door             Necr           26%        N/A       100%        9
 Dragon's Call            Summ           26%        N/A       100%        9
 Polar Vortex             Ice            26%        12d3*     100%        9


Dungeon Overview and Level Annotations

Branches:
Dungeon (15/15)            Temple (1/1) D:6            Lair (5/5) D:9
  Swamp (4/4) Lair:3       Spider (4/4) Lair:2        Slime (0/5) Lair:5
    Orc (2/2) D:12            Elf (3/3) Orc:2        Vaults (5/5) D:13
  Crypt (3/3) Vaults:2       Tomb (0/3) Crypt:3      Depths (4/4) D:15
   Hell (visited)             Dis (0/7) Hell            Geh (0/7) Hell
    Coc (0/7) Hell            Tar (0/7) Hell            Zot (5/5) Depths:4
  IceCv (visited)          WizLab (visited)

Altars:
Ashenzari
Cheibriados
Dithmenos
Elyvilon
Fedhas
Gozag
Hepliaklqana
Kikubaaqudgha
Makhleb
Nemelex Xobeh
Okawaru
Qazlal
Ru
Sif Muna
Trog
Uskayaw
Vehumet
Wu Jian
Xom
Yredelemnul
Zin
The Shining One
Jiyva

Shops:
D:1 (   D:6 (   D:8 [:   D:11 *   Orc:2 *:=***   Elf:2 =   Vaults:2 :=*(?
Vaults:4 ![   Vaults:5 =   Depths:1 =:=   Depths:2 (   Depths:4 ?:

Portals:
Hell: Depths:1 Depths:2 Depths:3 Depths:4
Abyss: Depths:1 Depths:3 Depths:4
Pandemonium: Depths:2 Depths:4
Ziggurat: Depths:2


Innate Abilities, Weirdness & Mutations

You are immune to sickness and miasma.
Your stone body is resilient. (AC +20)
You are immune to poison.
Your large and strong wings let you fly.
You resist negative energy. (rN+)
You are resistant to electric shocks. (rElec)
You are resistant to unholy torment.
You are immune to petrification.
You are clumsy. (Dex -2)


Message History

Vehumet accepts your kill.
You feel your power returning.
There is a stone staircase leading up here.
You fly upwards.
There is a stone staircase leading down here.
There is a stone staircase leading up here.
You fly upwards.
There is a stone staircase leading down here.
Casting: Bombard (mildly dangerous; 1% risk of failure)
Confirm with . or Enter, or press ? or * to list all spells.
Aiming: Passwall (safe; 1% risk of failure)
Press: ? - help, Dir - move target A rock wall.
This square is covered in magical glow.
You feel a surge of power!
You begin to meditate on the wall.
You continue meditating on the rock.
Magic restored.
You continue meditating on the rock. x2
You finish merging with the rock.
There is a stone staircase leading up here.
You fly upwards.
There is a stone staircase leading down here.
You see here a +0 club.
There is a stone staircase leading up here.
You fly upwards.
There is a stone staircase leading down here.
There is a stone staircase leading up here.
You fly upwards.
There is a stone staircase leading down here.
Casting: Passwall (safe; 1% risk of failure)
Confirm with . or Enter, or press ? or * to list all spells.
Aiming: Passwall (safe; 1% risk of failure)
Press: ? - help, Dir - move target A rock wall.
This square is covered in magical glow.
You feel a surge of power!
Magic restored.
You begin to meditate on the wall.
You continue meditating on the rock. x2
You finish merging with the rock.
There is a staircase leading out of the dungeon here.
You have escaped!

#.##............# ###...#.####
#.##........##..# #.....#.###
##.##.#.....###..# #.##......#
#................# #.##.##.#.#
......############ ####.##.#.###
#.###.# #.#####.....# #.# #.##
######..# ###.#.# #.###..####
##.......## #.#^# #.##......##
#..@......## #.#.##
#.###..##..###....##....####.#[..
#.#.#..###.....######...#.....#.#
...###...##....## ###...####.#...
#######.........###....##...##...
#.##.#####....#.#...######.#...
#......>.####.....###...###...#
####....## #######.....###...#
#######...## #.............


There were no monsters in sight!

Vanquished Creatures
  3 dread liches
  3 ancient liches
  5 orbs of fire (Zot:5)
  2 juggernauts (Depths:4)
  3 Killer Klowns (Zot:5)
  Frederick (Vaults:2)
  Bai Suzhen (Spider:3)
  A curse toe (Zot:4)
  A pandemonium lord (Zot:3)
  A caustic shrike (Depths:2)
  11 golden dragons
  Saint Roka (Crypt:2)
  Geryon (Hell)
  Jory (Vaults:2)
  Nikola (Vaults:2)
  2 Brimstone Fiends
  2 bone dragons (Crypt:3)
  Arachne (Spider:3)
  A hellephant (Hell)
  6 electric golems
  Mlioglotl (Swamp:1)
  23 Orb Guardians (Zot:5)
  4 liches
  10 tentacled monstrosities
  A tainted leviathan (Hell)
  4 walking earthen tomes
  10 titans
  2 deep elf blademasters (Elf:3)
  A deep elf master archer (Elf:3)
  The ghost of martbhell the Slayer, an adept MiBe of Trog (Spider:4)
  A walking frostbound tome (Depths:3)
  5 quicksilver dragons
  A walking divine tome (Depths:2)
  2 tentacled starspawn
  9 sphinxes
  10 ancient champions
  Gastronok (Lair:2)
  9 tengu reavers
  12 shadow dragons
  11 death cobs
  A thorn hunter (Swamp:4)
  Donald (Swamp:1)
  Roxanne (Swamp:4)
  2 revenants
  14 storm dragons
  A nagaraja (WizLab)
  8 draconian monks
  6 fire giants
  4 draconian knights
  6 iron dragons
  7 frost giants
  12 deep elf sorcerers
  Louise (D:15)
  6 draconian shifters
  2 balrugs
  4 curse skulls (Crypt:1)
  7 draconian scorchers
  20 vault wardens
  8 ghouls
  An emperor scorpion (Spider:4)
  A cacodemon (WizLab)
  9 ghost moths
  8 deep elf elementalists (Elf:3)
  3 orc warlords
  A juggernaut zombie (Crypt:3)
  9 draconian annihilators
  5 reapers (Hell)
  23 ironbound preservers
  3 demonspawn corrupters (WizLab)
  6 broodmothers
  2 draconian stormcallers
  15 stone giants
  A spriggan defender (Depths:3)
  The ghost of Xoh Arhiasm the Grappler, a journeyman TrWr of Uskayaw (Lair:3)
  7 ironbound thunderhulks
  4 war gargoyles
  8 very ugly things
  5 vampire knights
  Nessos (D:12)
  11 green draconians
  12 red draconians
  17 white draconians
  2 lorocyprocas
  3 deep elf demonologists
  8 black draconians
  6 eleionomae
  4 putrid mouths (Hell)
  12 dire elephants
  10 purple draconians
  12 yellow draconians
  8 spark wasps
  8 deep elf annihilators
  Snorg (Lair:3)
  An iron golem (Hell)
  3 eidola
  The ghost of Ihe Jez the Severer, a journeyman HOMo of the Shining One (Orc:2)
  7 bunyips
  3 blizzard demons
  A green death (D:10)
  3 merfolk javelineers
  2 crystal guardians
  12 jiangshi
  8 fire dragons
  2 mummy priests (Crypt:3)
  15 yaktaur captains
  10 ettins
  3 merfolk impalers
  5 deep elf death magi
  A shambling mangrove (Swamp:2)
  2 quicksilver dragon zombies
  6 entropy weavers
  The ghost of temujin the Eclecticist, a journeyman DECj of Sif Muna (Lair:5)
  11 deep elf high priests
  4 great orbs of eyes
  A kraken zombie (Hell)
  A salamander tyrant (D:11)
  4 ice dragons
  A spriggan zombie (Crypt:3)
  32 vault guards
  A caustic shrike simulacrum (Crypt:3)
  5 rakshasas
  2 ghost crabs (Swamp:4)
  6 radroaches
  29 hydras
  3 peacekeepers
  17 centaur warriors
  9 ironbound frosthearts
  Erica (D:9)
  10 alligators
  2 jorogumos
  A hell beast (D:6)
  A spriggan air mage (Swamp:4)
  3 death knights
  11 two-headed ogres
  A bennu zombie (Crypt:1)
  2 merfolk aquamancers (WizLab)
  4 ogre magi
  6 boulder beetles
  17 death yaks
  A fenstrider witch skeleton (Crypt:3)
  A bennu skeleton (Crypt:2)
  A thrashing horror (Abyss:3)
  5 vampire magi
  34 dancing weapons
  7 tengu warriors
  Urug (Lair:3)
  13 demonic crawlers
  12 hell hogs (Hell)
  10 deep troll shamans
  6 occultists (WizLab)
  4 spriggan berserkers
  25 deep elf knights
  14 deep troll earth magi
  2 soul eaters
  6 spriggans
  10 sun demons
  28 skeletal warriors
  A fire crab (D:15)
  19 hell knights
  4 skysharks
  12 iron trolls
  A sea snake (shapeshifter) (Depths:3)
  3 shadow wraiths
  63 deep trolls
  5 goliath frogs
  3 spriggan druids
  2 death drakes (Swamp:4)
  2 glowing orange brains
  A shadow demon (Depths:3)
  7 pharaoh ants
  7 orb spiders
  An anaconda zombie (Hell)
  8 swamp dragons
  7 bog bodies
  A kraken simulacrum (Hell)
  A lindwurm (shapeshifter) (Depths:2)
  23 ironbound convokers
  5 flayed ghosts
  2 alligator zombies
  A bunyip skeleton (Crypt:1)
  2 iron giant skeletons
  Pikel (D:7)
  A harpy (shapeshifter) (D:14)
  9 lindwurms
  8 necromancers
  17 orc knights
  15 deep elf archers
  13 phantasmal warriors
  5 steelbarb worms
  11 arcanists
  35 deep elf zephyrmancers
  A steelbarb worm (shapeshifter) (Depths:2)
  31 ugly things
  5 harpies
  38 deep elf pyromancers
  5 orc sorcerers
  25 wolf spiders
  6 worldbinders
  5 cyclopes
  3 manticores
  An alligator skeleton (Hell)
  A salamander (shapeshifter) (Vaults:5)
  4 oklob plants
  A will-o-the-wisp (Swamp:3)
  A dire elephant zombie (Crypt:1)
  3 ice statues
  3 water nymphs (shapeshifter)
  2 apocalypse crabs (Abyss:3)
  A guardian serpent (WizLab)
  A rust devil (Hell)
  32 moths of wrath
  8 black mambas
  3 gargoyles (D:11)
  A water nymph (WizLab)
  6 smoke demons
  11 elephants
  Jeremiah (D:9)
  7 torpor snails
  A cane toad (shapeshifter) (D:15)
  An alligator snapping turtle zombie (Crypt:2)
  An unseen horror (Abyss:3)
  24 vault sentinels
  An orange demon (Zot:1)
  26 cane toads
  An unseen horror (shapeshifter) (D:13)
  An orb spider zombie (Crypt:2)
  3 hellions (Hell)
  10 rime drakes
  3 centaur skeletons (D:15)
  13 komodo dragons
  27 yaktaurs
  An efreet (D:15)
  3 kobold demonologists
  5 tengu conjurers
  13 freezing wraiths
  5 guardian mummies (Crypt:3)
  A sea snake skeleton (Hell)
  A tormentor (D:14)
  6 polar bears
  A bloated husk (Swamp:1)
  2 merfolk (shapeshifter) (Vaults:5)
  3 red devils
  8 tyrant leeches
  A harpy zombie (Crypt:3)
  10 meliai
  2 tarantellas (shapeshifter)
  A hellwing (Abyss:3)
  30 tarantellas
  8 hornets
  A wolf spider simulacrum (D:15)
  13 trolls
  3 glass eyes
  36 blink frogs
  6 large abominations (Abyss:3)
  A raiju (shapeshifter) (Vaults:5)
  A harpy skeleton (Crypt:1)
  5 raiju (Abyss:3)
  8 dream sheep (Lair:5)
  Sigmund (D:6)
  22 jumping spiders
  6 air elementals
  2 centaur simulacra
  15 slime creatures
  13 culicivoras
  4 flying skulls (Crypt:1)
  A shadow (D:11)
  A fire dragon skeleton (Crypt:1)
  A spriggan (shapeshifter) (D:13)
  An ushabti (Crypt:3)
  3 vampires (Vaults:2)
  15 water elementals
  9 wraiths
  A tyrant leech zombie (Crypt:1)
  A ynoxinul (Abyss:3)
  Grum (D:8)
  A black mamba skeleton (Crypt:1)
  A wyvern (Lair:4)
  53 yaks
  4 fire bats
  4 fire elementals
  9 vampire mosquitoes
  A sea snake simulacrum (Hell)
  5 basilisks
  46 redbacks
  3 wargs
  2 steam dragons
  A swamp worm (shapeshifter) (Vaults:5)
  A hydra simulacrum (Hell)
  17 swamp worms
  2 acid dragons
  An acid dragon (shapeshifter) (D:14)
  Edmund (D:6)
  13 water moccasins
  3 hell hounds (Lair:1)
  12 swamp drakes
  5 black bears
  A merfolk skeleton (Crypt:2)
  3 sky beasts
  A lindwurm zombie (Crypt:2)
  28 orc warriors
  3 small abominations (Abyss:3)
  4 ice beasts
  A boggart (WizLab)
  25 ogres
  33 wolves
  5 centaurs
  2 lemures (D:7)
  10 kobold brigands
  A rime drake skeleton (Crypt:2)
  2 necrophages (Crypt:3)
  28 bullfrogs
  A cane toad simulacrum (Lair:2)
  A scorpion (Lair:3)
  2 earth elementals (Elf:1)
  A raiju zombie (Crypt:3)
  19 killer bees
  An electric eel (Lair:2)
  A polar bear skeleton (Crypt:1)
  4 howler monkeys
  A basilisk zombie (Crypt:2)
  4 hounds
  An iron imp (Abyss:3)
  2 jellies
  2 gnoll boudas
  20 orc priests
  A bullfrog skeleton (Crypt:2)
  18 orc wizards
  4 iguanas
  2 sleepcaps
  2 naga zombies
  16 gnolls
  7 adders
  3 white imps
  2 ufetubi (D:5)
  An adder zombie (Crypt:1)
  A lava snake skeleton (Crypt:3)
  2 worms (D:2)
  4 dart slugs
  51 orcs
  7 ball pythons
  A bat skeleton (Crypt:3)
  8 endoplasms
  2 giant cockroaches
  3 goblins
  8 hobgoblins
  2 jackals (D:3)
  4 quokkas
  8 bats
  3 frilled lizards
  2 giant cockroach zombies
  45 kobolds
  6 rats
  A rat zombie (Crypt:3)
  A river rat skeleton (Crypt:3)
  A river rat zombie (Crypt:1)
  2 butterflies
  A creeping inferno (Hell)
  2 fire vortices
  4 tentacles (Hell)
2458 creatures vanquished.

Vanquished Creatures (collateral kills)
  2 Killer Klowns (Zot:5)
  A golden dragon (Zot:4)
  2 Orb Guardians (Zot:5)
  2 draconian monks
  A draconian stormcaller (Zot:5)
  A ghoul (Crypt:3)
  A white draconian (Zot:4)
  A green draconian (Depths:4)
  3 purple draconians
  A blizzard demon (Abyss:3)
  A deep elf high priest (Elf:3)
  A deep elf knight (Elf:3)
  A deep elf pyromancer (Elf:3)
  An ugly thing (Depths:2)
  A wolf spider (Spider:1)
  A moth of wrath (Zot:5)
  A smoke demon (Depths:2)
  A yak (Lair:4)
23 creatures vanquished.

Vanquished Creatures (others)
  A draconian shifter (Zot:2)
  A white draconian (Zot:2)
  A troll (D:12)
  A yak (Lair:4)
  A bullfrog (Lair:4)
  283 fire vortices
  4 tentacles (Hell)
292 creatures vanquished.

Grand Total: 2773 creatures vanquished

Notes
Turn   | Place    | Note
-------+----------+-------------------------------------------
     0 | D:1      | Majang the Gargoyle Earth Elementalist began the quest for
                  | the Orb.
     0 | D:1      | Reached XP level 1. HP: 10/10 MP: 3/3
   227 | D:1      | Reached XP level 2. HP: 15/15 MP: 3/5
   367 | D:1      | Found Busoefu's Weapon Shop.
   847 | D:2      | Reached XP level 3. HP: 19/19 MP: 5/7
   957 | D:2      | Reached skill level 3 in Spellcasting
  1170 | D:2      | Reached XP level 4. HP: 24/24 MP: 7/9
  1484 | D:2      | Learned a level 3 spell: Stone Arrow
  1642 | D:3      | Found an opulent altar of Gozag.
  1698 | D:3      | Reached XP level 5. HP: 17/28 MP: 8/10
  1756 | D:3      | Reached skill level 4 in Spellcasting
  1756 | D:3      | Reached skill level 1 in Conjurations
  1990 | D:3      | Reached skill level 5 in Earth Magic
  2023 | D:3      | You are sucked into a shaft and drop 3 floors!
  2026 | D:5      | Entered Level 5 of the Dungeon
  2352 | D:4      | Reached XP level 6. HP: 32/32 MP: 9/12
  3134 | D:4      | Reached skill level 1 in Fighting
  3134 | D:4      | Reached skill level 1 in Staves
  3682 | D:5      | Reached XP level 7. HP: 38/38 MP: 11/14
  3725 | D:5      | Reached skill level 1 in Evocations
  3852 | D:5      | Reached skill level 5 in Spellcasting
  4342 | D:6      | Found Qylacew's Weapon Emporium.
  4383 | D:6      | Reached XP level 8. HP: 30/44 MP: 9/15
  4437 | D:6      | Found a staircase to the Ecumenical Temple.
  4445 | Temple   | Entered the Ecumenical Temple
  4468 | Temple   | Became a worshipper of Vehumet
  4957 | D:6      | Noticed Edmund
  5088 | D:6      | Noticed Sigmund
  5090 | D:6      | Killed Sigmund
  5140 | D:6      | Killed Edmund
  5141 | D:6      | Reached skill level 6 in Spellcasting
  5526 | D:6      | Reached XP level 9. HP: 51/51 MP: 10/18
  5689 | D:7      | Noticed a troll
  6114 | D:7      | Noticed Pikel
  6231 | D:7      | Killed Pikel
  6415 | D:7      | Killed a troll
  6416 | D:7      | Reached skill level 7 in Spellcasting
  6828 | D:8      | Found Gyxapt's Book Shoppe.
  6857 | D:8      | Reached * piety under Vehumet
  6857 | D:8      | Offered knowledge of Shock by Vehumet.
  6987 | D:8      | Reached XP level 10. HP: 58/58 MP: 16/20
  7034 | D:8      | Reached skill level 5 in Conjurations
  7149 | D:8      | Noticed an oklob plant
  7177 | D:8      | Noticed an oklob plant
  7432 | D:8      | Noticed Grum
  7457 | D:8      | Killed Grum
  7458 | D:8      | Reached skill level 5 in Fighting
  7551 | D:8      | Found Buiff's Armour Emporium.
  7813 | D:8      | Reached ** piety under Vehumet
  7813 | D:8      | Offered knowledge of Magic Dart by Vehumet.
  7934 | D:8      | Bought a book of the Earth for 504 gold pieces
  7940 | D:8      | Learned a level 5 spell: Lee's Rapid Deconstruction
  8352 | D:8      | Noticed an oklob plant
  8412 | D:9      | Noticed a skeletal warrior
  8429 | D:9      | Reached skill level 5 in Staves
  8448 | D:9      | Reached skill level 8 in Spellcasting
  8456 | D:9      | Killed a skeletal warrior
  8475 | D:9      | Offered knowledge of Searing Ray by Vehumet.
  8476 | D:9      | Reached XP level 11. HP: 48/64 MP: 2/23
  8625 | D:9      | Reached skill level 5 in Dodging
  8636 | D:9      | Reached *** piety under Vehumet
  8668 | D:9      | Noticed Erica
  8671 | D:9      | Killed Erica
  8812 | D:9      | Learned a level 6 spell: Bombard
  8869 | D:9      | Found a staircase to the Lair.
  8941 | D:9      | Reached skill level 5 in Evocations
  9054 | D:9      | Offered knowledge of Volatile Blastmotes by Vehumet.
  9096 | D:9      | Noticed Jeremiah
  9100 | D:9      | Killed Jeremiah
  9484 | Lair:1   | Entered Level 1 of the Lair of Beasts
  9640 | Lair:1   | Found a transporter.
  9659 | Lair:1   | Reached skill level 9 in Spellcasting
  9964 | Lair:1   | Found a transporter.
 10084 | Lair:1   | Reached skill level 1 in Fire Magic
 10626 | Lair:1   | Reached **** piety under Vehumet
 10629 | Lair:1   | Reached XP level 12. HP: 71/71 MP: 14/25
 10739 | Lair:1   | Offered knowledge of Fulminant Prism by Vehumet.
 11306 | IceCv    | Identified the "Hopnuavayl"
 11306 | Lair:2   | Found a frozen archway.
 11314 | Lair:2   | Noticed a four-headed hydra
 11315 | Lair:2   | Noticed an eight-headed hydra
 11319 | Lair:2   | Killed a four-headed hydra
 11481 | Lair:2   | Killed an eight-headed hydra
 11640 | Lair:2   | Noticed a skyshark
 11643 | IceCv    | Entered an ice cave
 11674 | IceCv    | Reached skill level 10 in Spellcasting
 11786 | IceCv    | Reached ***** piety under Vehumet
 11822 | IceCv    | Offered knowledge of Sticky Flame by Vehumet.
 11828 | IceCv    | Learned a level 4 spell: Sticky Flame
 11896 | IceCv    | Noticed a death yak
 11903 | IceCv    | Killed a death yak
 11950 | IceCv    | Noticed a death yak
 11953 | IceCv    | Noticed a death yak
 11954 | IceCv    | Reached skill level 5 in Fire Magic
 11962 | IceCv    | Killed a death yak
 11963 | IceCv    | Reached XP level 13. HP: 78/78 MP: 11/27
 12108 | IceCv    | Noticed a frost giant
 12122 | IceCv    | Reached skill level 10 in Earth Magic
 12124 | IceCv    | Killed a frost giant
 13131 | Lair:2   | Noticed Gastronok
 13136 | Lair:2   | Killed Gastronok
 13244 | Lair:2   | Reached skill level 11 in Spellcasting
 13878 | Lair:2   | Found a hole to the Spider Nest.
 14209 | Lair:3   | Found a runed translucent gate.
 14209 | Lair:3   | Found a runed translucent gate.
 14210 | Lair:3   | Found a runed translucent gate.
 14213 | Lair:3   | Noticed Xoh Arhiasm's ghost (journeyman TrWr)
 14225 | Lair:3   | Noticed Snorg
 14479 | Lair:3   | Gained mutation: Your large and strong wings let you fly.
                  | [Gargoyle growth]
 14479 | Lair:3   | Reached XP level 14. HP: 69/84 MP: 3/29
 14489 | Lair:3   | Offered knowledge of Starburst by Vehumet.
 14567 | Lair:3   | Learned a level 6 spell: Starburst
 14618 | Lair:3   | Learned a level 5 spell: Irradiate
 14623 | Lair:3   | Identified the +5 mace of Causality {pain, Fly rC+ Int+2
                  | Stlth+}
 14681 | Lair:3   | Found a staircase to the Swamp.
 14781 | Lair:3   | Noticed Urug
 14795 | Lair:3   | Killed Urug
 15064 | Lair:3   | Killed Snorg
 15135 | Lair:3   | Identified the +9 quarterstaff "Gairiy" {elec, rElec rCorr
                  | MP+9 Dex-4}
 17579 | Lair:5   | Entered Level 5 of the Lair of Beasts
 17579 | Lair:5   | Noticed temujin's ghost (journeyman DECj)
 17579 | Lair:5   | Found a runed translucent door.
 17708 | Lair:5   | Killed temujin's ghost
 17740 | Lair:5   | Reached skill level 12 in Spellcasting
 17748 | Lair:5   | Reached XP level 15. HP: 71/91 MP: 18/31
 17806 | Lair:5   | Identified the +4 plate armour "Daqacogg" {rPois}
 17925 | Lair:5   | Identified the staff of Diet Blood {rC+ rN+ Int+3 Ice}
 18137 | Lair:5   | Found a staircase to the Slime Pits.
 18138 | Lair:5   | Found a viscous altar of Jiyva.
 18961 | D:10     | Entered Level 10 of the Dungeon
 19085 | D:10     | Reached skill level 10 in Conjurations
 20354 | D:11     | Found Kaulaan's Assorted Antiques.
 20630 | D:11     | Found a hide-covered altar of Uskayaw.
 20689 | D:11     | Reached ****** piety under Vehumet
 20690 | D:11     | Reached skill level 10 in Fighting
 20850 | D:11     | Bought a potion of invisibility for 160 gold pieces
 20850 | D:11     | Bought a tapered brass wand for 80 gold pieces
 20850 | D:11     | Bought a potion of curing for 60 gold pieces
 21075 | D:12     | Offered knowledge of Spellforged Servitor by Vehumet.
 21185 | D:12     | Found a staircase to the Orcish Mines.
 21238 | D:12     | Noticed Nessos
 21267 | D:12     | Killed Nessos
 22173 | Orc:1    | Entered Level 1 of the Orcish Mines
 22475 | Orc:2    | Entered Level 2 of the Orcish Mines
 22475 | Orc:2    | Found a staircase to the Elven Halls.
 22540 | Orc:2    | Found a runed translucent gate.
 22540 | Orc:2    | Found a runed translucent gate.
 22540 | Orc:2    | Found a runed translucent gate.
 22545 | Orc:2    | Noticed Ihe Jez's ghost (journeyman HOMo)
 22546 | Orc:2    | Found an iron altar of Okawaru.
 22647 | Orc:2    | Reached skill level 10 in Fire Magic
 22775 | Orc:2    | Found Tuurao's Assorted Antiques.
 22814 | Orc:2    | Paralysed by something for 5 turns
 22816 | Orc:2    | Reached XP level 16. HP: 97/97 MP: 7/32
 22828 | Orc:2    | Reached skill level 13 in Spellcasting
 23282 | Orc:2    | Found Epporhem's General Store.
 23285 | Orc:2    | Found Lalavuba's Specific Store.
 23329 | Orc:2    | Found Yfaic's Jewellery Boutique.
 23344 | Orc:2    | Found Vijar's Assorted Antiques.
 23350 | Orc:2    | Found Qoem's Book Boutique.
 23378 | Orc:2    | Bought a pair of glowing boots for 180 gold pieces
 23378 | Orc:2    | Bought a potion of ambrosia for 192 gold pieces
 23378 | Orc:2    | Bought a wand of digging (5) for 504 gold pieces
 23378 | Orc:2    | Bought a potion of curing for 72 gold pieces
 23378 | Orc:2    | Bought a runed robe for 88 gold pieces
 23964 | Lair:3   | Offered knowledge of Fireball by Vehumet.
 23971 | Lair:3   | Killed Xoh Arhiasm's ghost
 24202 | Spider:1 | Entered Level 1 of the Spider Nest
 24226 | Spider:1 | Learned a level 2 spell: Passwall
 24371 | Spider:1 | Reached skill level 1 in Transmutations
 24826 | Spider:1 | Reached skill level 10 in Staves
 24841 | Spider:1 | Learned a level 5 spell: Fireball
 26706 | Spider:2 | Offered knowledge of Iskenderun's Battlesphere by Vehumet.
 26913 | Spider:2 | Reached XP level 17. HP: 102/102 MP: 25/34
 28111 | Orc:2    | Bought a book of Annihilations for 840 gold pieces
 28603 | Spider:3 | Reached skill level 14 in Spellcasting
 28790 | Spider:3 | Noticed Arachne
 28804 | Spider:3 | Noticed Bai Suzhen
 28806 | Spider:3 | Killed Arachne
 29005 | Spider:3 | Killed Bai Suzhen
 29416 | Spider:4 | Entered Level 4 of the Spider Nest
 29621 | Spider:4 | Got a gossamer rune of Zot
 29627 | Spider:4 | Identified the +0 hat "Heckosh" {Slay+5}
 30329 | Spider:4 | Found a runed translucent gate.
 30329 | Spider:4 | Found a runed translucent gate.
 30329 | Spider:4 | Found a runed translucent gate.
 30354 | Spider:4 | Noticed martbhell's ghost (adept MiBe)
 30473 | Spider:4 | Killed martbhell's ghost
 30774 | Spider:4 | Offered knowledge of Ozocubu's Refrigeration by Vehumet.
 31671 | Spider:4 | Reached XP level 18. HP: 105/107 MP: 20/36
 31952 | Lair:1   | Upgraded the game from 0.31-a0-988-g08d55dae12 to
                  | 0.31-a0-995-g04711c9635
 32044 | Swamp:1  | Entered Level 1 of the Swamp
 32054 | Swamp:1  | Noticed Mlioglotl
 32142 | Swamp:1  | Killed Mlioglotl
 32393 | Swamp:1  | Reached skill level 10 in Evocations
 32583 | Swamp:1  | Noticed Donald
 32591 | Swamp:1  | Killed Donald
 34096 | Swamp:3  | Reached skill level 15 in Spellcasting
 34616 | Swamp:4  | Entered Level 4 of the Swamp
 34671 | Swamp:4  | Noticed Roxanne
 34677 | Swamp:4  | Killed Roxanne
 34738 | Swamp:4  | Offered knowledge of Ignition by Vehumet.
 34763 | Swamp:4  | Learned a level 8 spell: Ignition
 35481 | Swamp:4  | Reached skill level 10 in Dodging
 35621 | Swamp:4  | Got a decaying rune of Zot
 35649 | Swamp:4  | Reached XP level 19. HP: 112/112 MP: 26/38
 36060 | Orc:2    | Killed Ihe Jez's ghost
 36185 | Orc:2    | Identified the +2 ring mail of Wariness {-Cast rC+ Str+3}
 36610 | D:13     | Found a gate to the Vaults.
 36616 | D:13     | Reached skill level 15 in Conjurations
 37437 | D:14     | Offered knowledge of Lehudib's Crystal Spear by Vehumet.
 37623 | D:14     | Found a hazy altar of Hepliaklqana.
 37982 | D:15     | Entered Level 15 of the Dungeon
 38274 | D:15     | Noticed Louise
 38279 | D:15     | Killed Louise
 38712 | D:15     | Reached skill level 16 in Spellcasting
 38788 | D:15     | Found a staircase to the Depths.
 39216 | Crypt:3  | Identified the "Qoamuw"
 39216 | Depths:2 | Identified the "Hogiprynt"
 39216 | Elf:1    | Entered Level 1 of the Elven Halls
 39254 | Elf:1    | Reached skill level 15 in Earth Magic
 39257 | Elf:1    | Paralysed by an air elemental for 1 turns
 39832 | Elf:1    | Reached skill level 15 in Fire Magic
 40593 | Elf:2    | Reached XP level 20. HP: 112/117 MP: 13/40
 40962 | Elf:2    | Found Vysit Wiji's Jewellery Boutique.
 41114 | Elf:2    | Found a runed translucent gate.
 41114 | Elf:2    | Found a runed translucent gate.
 41114 | Elf:2    | Found a runed translucent gate.
 41458 | Elf:2    | Reached skill level 17 in Spellcasting
 42079 | Lair:1   | Learned a level 8 spell: Lehudib's Crystal Spear
 42213 | Vaults:1 | Entered Level 1 of the Vaults
 42366 | Vaults:1 | Identified the ring of Happiness {Fly Str-4 Slay+3 SInv}
 43948 | Vaults:2 | Reached XP level 21. HP: 92/122 MP: 20/42
 44051 | Vaults:2 | Noticed Jory
 44060 | Vaults:2 | Killed Jory
 44163 | Vaults:2 | Learned a level 9 spell: Fire Storm
 44317 | Vaults:2 | You are sucked into a shaft and drop 1 floor!
 44485 | Vaults:3 | Found a magical portal.
 44490 | WizLab   | Entered Alistair's Party Mansion
 44505 | WizLab   | Reached skill level 18 in Spellcasting
 44537 | Abyss:3  | Found a corrupted altar of Lugonu.
 44537 | Abyss:3  | Cast into level 3 of the Abyss (an occultist)
 44569 | Abyss:3  | Found a corrupted altar of Lugonu.
 44641 | Abyss:3  | Got an abyssal rune of Zot
 44775 | WizLab   | Escaped the Abyss
 44940 | WizLab   | Identified the +8 glaive of Finol {flame, rN+}
 45095 | WizLab   | Identified a scroll of acquirement
 45114 | WizLab   | Identified the of Domach (You acquired it in a wizard's
                  | laboratory)
 45114 | WizLab   | Acquired 844 gold pieces
 45330 | WizLab   | Gained mutation: You are clumsy. (Dex -2) [a cacodemon]
 45704 | Vaults:2 | Noticed Nikola
 45708 | Vaults:2 | Killed Nikola
 45741 | Vaults:2 | Paralysed by something for 2 turns
 45844 | Vaults:2 | Found a staircase to the Crypt.
 46099 | Vaults:2 | Reached XP level 22. HP: 91/127 MP: 35/44
 46400 | Vaults:2 | Found Edaomm's Magic Scroll Emporium.
 46409 | Vaults:2 | Bought a scroll of immolation for 56 gold pieces
 46409 | Vaults:2 | Bought 2 scrolls of teleportation for 84 gold pieces
 46694 | Vaults:2 | Found Erchepuyn's Book Emporium.
 46694 | Vaults:2 | Found Naodungi's General Store.
 46703 | Vaults:2 | Bought a scroll of teleportation for 48 gold pieces
 46737 | Vaults:2 | Found Voetear's Jewellery Shop.
 46751 | Vaults:2 | Noticed Frederick
 46764 | Vaults:2 | Killed Frederick
 46845 | Vaults:2 | Found Gebojop's Antique Weapon Shoppe.
 47807 | Vaults:3 | Reached skill level 19 in Spellcasting
 48763 | Vaults:4 | Found Uneac's Armour Shoppe.
 49352 | Vaults:4 | Found Ceim's Distillery.
 49359 | Vaults:4 | Bought a potion of curing for 57 gold pieces
 49359 | Vaults:4 | Bought a potion of curing for 57 gold pieces
 49359 | Vaults:4 | Bought a potion of ambrosia for 152 gold pieces
 49359 | Vaults:4 | Bought a potion of mutation for 152 gold pieces
 49527 | Vaults:4 | Reached XP level 23. HP: 132/132 MP: 38/46
 50191 | Depths:1 | Entered Level 1 of the Depths
 50323 | Depths:1 | Found a gateway to Hell.
 50504 | Depths:1 | Found a one-way gate to the infinite horrors of the Abyss.
 50951 | Depths:1 | Found Tuil Bub's Jewellery Emporium.
 51087 | Depths:1 | Found Zypneodi's Book Shop.
 51088 | Depths:1 | Found Turhiczou's Jewellery Emporium.
 51396 | Depths:2 | Reached skill level 20 in Spellcasting
 51991 | Depths:2 | Found Ruikh's Weapon Boutique.
 51993 | Depths:2 | Found a one-way gateway to a ziggurat.
 52105 | Depths:2 | Found a huge runed gate.
 52105 | Depths:2 | Found a huge runed gate.
 52105 | Depths:2 | Found a huge runed gate.
 52105 | Depths:2 | Found a huge runed gate.
 52106 | Depths:2 | Found a huge runed gate.
 52107 | Depths:2 | Found a huge runed gate.
 52107 | Depths:2 | Found a huge runed gate.
 52108 | Depths:2 | Found a huge runed gate.
 52108 | Depths:2 | Found a huge runed gate.
 52108 | Depths:2 | Found a huge runed gate.
 52120 | Depths:2 | Noticed a golden dragon
 52120 | Depths:2 | Noticed a golden dragon
 52121 | Depths:2 | Noticed a caustic shrike
 52123 | Depths:2 | Killed a caustic shrike
 52125 | Depths:2 | Killed a golden dragon
 52127 | Depths:2 | Killed a golden dragon
 52613 | Depths:2 | Found an iron altar of Okawaru.
 52667 | Depths:2 | Noticed a golden dragon
 52670 | Depths:2 | Killed a golden dragon
 53001 | Depths:2 | Found a one-way gate leading to the halls of Pandemonium.
 53167 | Depths:2 | Identified the +6 scale mail of the Orb {Harm +Inv Dex+2}
 53236 | Depths:2 | Upgraded the game from 0.31-a0-995-g04711c9635 to
                  | 0.31-a0-996-g3b49de5836
 53458 | Depths:3 | Noticed a golden dragon
 53489 | Depths:3 | Killed a golden dragon
 53577 | Depths:3 | Noticed a golden dragon
 53583 | Depths:3 | Killed a golden dragon
 53584 | Depths:3 | Reached XP level 24. HP: 107/137 MP: 32/47
 53717 | Depths:2 | Learned a level 9 spell: Shatter
 53742 | Depths:3 | Reached skill level 21 in Spellcasting
 53778 | Depths:3 | Found a flickering gateway to a bazaar.
 53793 | Bazaar   | Entered a bazaar
 53797 | Bazaar   | Found Unkicsep's General Store.
 53805 | Bazaar   | Found Qoituir's Jewellery Boutique.
 53817 | Bazaar   | Found Ebroowepn's Distillery.
 53828 | Bazaar   | Found Xuchezxue's Antique Weapon Shop.
 53836 | Bazaar   | Found Dudeijoz's Antique Armour Shop.
 53866 | Bazaar   | Bought a scroll of blinking for 105 gold pieces
 53885 | Bazaar   | Bought a potion of invisibility for 136 gold pieces
 53885 | Bazaar   | Bought a potion of curing for 51 gold pieces
 53885 | Bazaar   | Bought a potion of curing for 51 gold pieces
 54085 | Depths:3 | Identified the +1 pair of gloves of Summertime {rElec rPois
                  | rF+ Int+2}
 54693 | Hell     | Entered the Vestibule of Hell
 54693 | Hell     | Noticed Geryon
 54698 | Hell     | Killed Geryon
 54827 | Hell     | Found a gateway to the decaying netherworld of Tartarus.
 54946 | Hell     | Found a gateway to the freezing wastes of Cocytus.
 55008 | Hell     | Found a gateway to the Iron City of Dis.
 55086 | Hell     | Found a gateway to the ashen valley of Gehenna.
 56087 | Depths:4 | Entered Level 4 of the Depths
 56100 | Depths:4 | Noticed a juggernaut
 56104 | Depths:4 | Killed a juggernaut
 56624 | Depths:4 | Noticed a juggernaut
 56781 | Depths:4 | Killed a juggernaut
 56922 | Depths:4 | Found a gate to the Realm of Zot.
 56940 | Depths:4 | Reached XP level 25. HP: 143/143 MP: 41/48
 57063 | Depths:4 | Found Bulyhud's Book Boutique.
 57265 | Depths:4 | Found Koemeug's Magic Scroll Boutique.
 57715 | Elf:3    | Identified the "Wilops"
 57715 | Elf:3    | Identified the "Poka"
 57715 | Elf:3    | Identified the "Buczalud"
 57715 | Elf:3    | Identified the "Dyd Tydu"
 57715 | Elf:3    | Identified the of Ixuplepp
 57715 | Elf:3    | Identified the of Qikhlo
 57715 | Elf:3    | Entered Level 3 of the Elven Halls
 58513 | Elf:3    | Reached skill level 22 in Spellcasting
 58689 | Elf:3    | Identified the +10 rapier of Internal Strife {antimagic,
                  | *Corrode rElec Int+7 Dex+2}
 58895 | Elf:3    | Identified the +1 ice dragon scales of Puedgh {*Corrode rF-
                  | rC++ Regen+ SInv}
 58899 | Elf:3    | Identified the +0 chain mail "Pynt" {Harm rC- rCorr Str+3}
 58910 | Elf:3    | Identified the staff of War {rC+ rCorr SInv Ice}
 58920 | Elf:3    | Identified the +12 shortbow of Mourning {freeze, rC++
                  | Will+}
 58921 | Elf:3    | Identified the +1 ring mail "Simumn" {SInv}
 58925 | Elf:3    | Identified the +4 hand axe "Jyhaahoti" {freeze, Str+5}
 59276 | Crypt:1  | Entered Level 1 of the Crypt
 59504 | Crypt:1  | Identified the amulet of the Fool {-Cast Regen+ Dex+7}
 59524 | Crypt:1  | Identified the +1 helmet of Ydorch {rCorr Int+2}
 60400 | Crypt:2  | Noticed Saint Roka
 60403 | Crypt:2  | Killed Saint Roka
 60527 | Crypt:2  | Identified the +3 leather armour "Eseelu" {Rampage rC+
                  | Str+3 Slay+2}
 61210 | Crypt:3  | Entered Level 3 of the Crypt
 61210 | Crypt:3  | Noticed a dread lich
 61214 | Crypt:3  | Killed a dread lich
 61449 | Crypt:3  | Found a basalt altar of Yredelemnul.
 61451 | Crypt:3  | Reached XP level 26. HP: 120/152 MP: 49/49
 61451 | Crypt:3  | Found an ancient bone altar of Kikubaaqudgha.
 61553 | Crypt:3  | Identified the amulet of Faatirr {Reflect Fly rElec rC-
                  | rN+++ SH+5}
 61559 | Crypt:3  | Identified the +8 ring mail "Cosuxtef" {rF+ Int+3}
 61765 | Crypt:3  | Found a staircase to the Tomb.
 62337 | Vaults:5 | Entered Level 5 of the Vaults
 62368 | Vaults:5 | Noticed an ancient lich
 62371 | Vaults:5 | Killed an ancient lich
 62372 | Vaults:5 | Reached skill level 23 in Spellcasting
 62387 | Vaults:5 | Noticed a dread lich
 62391 | Vaults:5 | Killed a dread lich
 62417 | Vaults:5 | Reached XP level 27. HP: 136/159 MP: 49/50
 62948 | Vaults:5 | Found Jaguiw's Jewellery Emporium.
 62968 | Vaults:5 | Acquired 714 gold pieces
 62972 | Vaults:5 | Bought the amulet of Vitality {RegenMP++ Regen++} for 1600
                  | gold pieces
 62972 | Vaults:5 | Found the amulet of Vitality {RegenMP++ Regen++}
 63164 | Vaults:5 | Identified the +0 ring mail "Zyubusaa" {rC+}
 63246 | Vaults:5 | Got a silver rune of Zot
 63308 | Vaults:5 | Identified the +1 pair of boots of Yjuh {-Cast +Blink
                  | Will++ Int-3}
 63309 | Vaults:5 | Identified the ring of the Louse {rF+ rC+ rCorr SInv}
 63408 | Vaults:5 | Identified the +1 battleaxe of Gunutei {vamp, rElec rN+}
 63417 | Vaults:5 | Identified the +7 hand axe "Suzag" {holy, Fragile rF+ Will+
                  | Int+4}
 63811 | Hell     | Learned a level 1 spell: Apportation
 63814 | Hell     | Learned a level 2 spell: Blink
 63821 | Hell     | Learned a level 6 spell: Plasma Beam
 63942 | Zot:1    | Entered Level 1 of the Realm of Zot
 65709 | Zot:3    | Acquired 1036 gold pieces
 65711 | Zot:3    | Acquired 1063 gold pieces
 65713 | Zot:3    | Acquired 666 gold pieces
 66616 | Zot:4    | Identified the "Plog"
 66635 | Zot:4    | Reached skill level 24 in Spellcasting
 67262 | Zot:5    | Entered Level 5 of the Realm of Zot
 67574 | Zot:5    | Found a transporter.
 67589 | Zot:5    | Found a transporter.
 67593 | Zot:5    | Found a transporter.
 67631 | Zot:5    | Found a transporter.
 68455 | Zot:5    | Noticed an orb of fire
 68459 | Zot:5    | Killed an orb of fire
 68536 | Zot:5    | Noticed an orb of fire
 68543 | Zot:5    | Killed an orb of fire
 68618 | Zot:5    | Noticed an orb of fire
 68623 | Zot:5    | Killed an orb of fire
 68814 | Zot:5    | Killed an ancient lich
 68977 | Zot:5    | Noticed an orb of fire
 68981 | Zot:5    | Killed an orb of fire
 68996 | Zot:5    | Noticed an ancient lich
 68997 | Zot:5    | Killed an ancient lich
 68998 | Zot:5    | Reached skill level 15 in Fighting
 69050 | Zot:5    | Noticed an orb of fire
 69051 | Zot:5    | Noticed a dread lich
 69059 | Zot:5    | Killed an orb of fire
 69065 | Zot:5    | Killed a dread lich
 69342 | Zot:5    | Got the Orb of Zot
 69386 | Zot:3    | Noticed Voarom the pandemonium lord
 69390 | Zot:3    | Killed Voarom the pandemonium lord
 69575 | Depths:1 | Noticed Miganomi the pandemonium lord
 69976 | D:$      | Escaped with the Orb!

Illustrated notes

Levels and vault maps discovered:
D:1:      dpeg_arrival_round_c, layout_loops_ring, serial_shops, shop,
          corexii_hall_statues_x, minivault_26, serial_bayou_pond_c
D:2:      layout_rooms, minmay_tetromino_s2
D:3:      layout_loops_ring, nicolae_overflow_hidden_temple
D:4:      layout_loops_cross
D:5:      layout_basic, hex_large
D:6:      layout_loops_ring, minmay_temple_entry_butterflies, serial_shops,
          nicolae_shop_bloodbath_and_beyond, minmay_misc_feat_rugged,
          sigmund_edmund_badplayer
D:7:      layout_rooms, uniq_pikel
D:8:      layout_basic, serial_shops, shop, serial_bayou_pond_c, st_stairs_7,
          minmay_shop_grid_forest, disabler_island, uniq_grum
D:9:      layout_basic, grunt_lair_entry_orc_guard_hut, minmay_circle_x,
          uniq_jeremiah, uniq_erica
D:10:     layout_basic, serial_curves, eino_curves_01, eino_curves_02,
          minmay_starry_boxes
D:11:     minmay_firetagon, layout_loops_cross, serial_shops, shop,
          hangedman_decor_riveting, minmay_misc_feat_rows,
          nicolae_uskayaw_dance_studio
D:12:     layout_long_grid, david_orc_3, minmay_librarian, uniq_nessos
D:13:     layout_loops_ring, skrybe_vaults_entry_preservation
D:14:     layout_cave_pools, nicolae_hepliaklqana_hippocampus
D:15:     grunt_enter_depths_magical_seal, layout_cave_pods,
          minmay_misc_feat_cross, uniq_louise
Temple:   nicolae_temple_the_god_donut
Lair:1:   gammafunk_cloud_chamber, layout_long_grid, grunt_megastairs_1
Lair:2:   layout_regular_city, spider_nest_entry_funnel_web,
          portal_ice_cave_entry_ice_simulacra, serial_bayou_lagoon_b,
          infiniplex_staircase_pool, serial_bayou_shore_b, grunt_megastairs_4,
          uniq_gastronok
Lair:3:   layout_roguey, skrybe_swamp_entry_bodies, gammafunk_ghost_split,
          lemuel_fruit_fields, uniq_snorg, uniq_urug
Lair:4:   layout_regular_city, minmay_lair_oklob_bushes, minmay_shattered_shrine
Lair:5:   minmay_lair_end_frog_pond, layout_hall_layers, slime_entry_1,
          gammafunk_ghost_grave, grunt_forest_small_clearing_treed,
          lemuel_fruit_tree
Swamp:1:  layout_basic_swamp, evilmike_swamp_ruin_house_6, swamp_pool_1_2,
          uniq_donald, uniq_mlioglotl
Swamp:2:  layout_basic_swamp, evilmike_swamp_ruin_rubble_1, swamp_pool_3
Swamp:3:  layout_basic_swamp, serial_swamp_ruin, evilmike_swamp_ruin_house_4,
          evilmike_swamp_ruin_house_1, swamp_pool_1_2,
          nicolae_swamp_dense_foliage, nicolae_swamp_bunyip_nook
Swamp:4:  swamp, layout_basic_swamp, swamp_pool_5, nicolae_swamp_drake_lake,
          uniq_roxanne
Spider:1: layout_spider_delve
Spider:2: layout_cave_pods, hellmonk_narrow_tunnel
Spider:3: layout_spider_delve, uniq_arachne, uniq_bai_suzhen
Spider:4: hellmonk_spider_rune_endless_swarm, ebering_ghost_rock_garden,
          nicolae_spider_stair_cavern
Orc:1:    layout_caves
Orc:2:    st_orc_open, layout_caves, gauntlet_entry_generic,
          gammafunk_ghost_fury_of_okawaru, nicolae_specific_store
Elf:1:    layout_loops_corners, hangedman_elven_crosses_minicolossus
Elf:2:    nicolae_elf_blades_crystal_corner, layout_geoelf_octagon,
          serial_shops, shop
Elf:3:    minmay_elf_hall_hex, layout_geoelf_octagon
Vaults:1: nicolae_vaults_lightning_bolt, hangedman_vaults_slice,
          vaults_dpeg_emergency_exit, v_misc_12, nicolae_vaults_wine_cellar,
          nicolae_vaults_offset_grid_hallway_4,
          nicolae_vaults_storage_room_statues, nicolae_vaults_tetromino_T_2,
          nicolae_vaults_storage_room_glass, nicolae_vaults_crenellated_ambush,
          vaults_room_fours, vaults_mumra_lcd, vaults_room_corners,
          nicolae_vaults_surprise_closet, layout_vaults_omnicross
Vaults:2: vaults_mumra_hex, nicolae_vaults_storage_closets_2, v_alt_pattern_5,
          v_pattern_3, minmay_crypt_entry_vampire_xt, vaults_room_door_hall,
          nicolae_vaults_spaceships, st_smaller_cells, v_misc_17,
          nicolae_vaults_specimen_jars, layout_vaults_omnibox, serial_shops,
          nicolae_shop_gaudy_bauble, nicolae_shop_just_a_little_nook, shop,
          shop, nicolae_shop_temple_entry_statues_fountains, uniq_nikola,
          uniq_frederick, uniq_jory
Vaults:3: mu_enter_wizlab_2, v_misc_12, nicolae_vaults_security_offices_5,
          nicolae_vaults_layer_cake_slice, nicolae_vaults_double_plus_1,
          layout_vaults_quadrants
Vaults:4: ontoclasm_vaults_decontamination, vaults_room_mumra_shop_pool,
          grunt_vaults_funnel, vaults_standard_mumra_lines, v_rooms_1,
          nicolae_vaults_turnstiles, nicolae_vaults_prndl,
          dpeg_vaults_monster_box, special_room_vaults [special_room_orc],
          v_rooms_4, serial_ice_b, vaults_room_grid, layout_vaults_maze_snakey,
          serial_shops, shop
Vaults:5
Crypt:1:  layout_misc_corridors
Crypt:2:  layout_misc_corridors, uniq_saint_roka
Crypt:3:  lightli_unholy_cathedral, layout_chaotic_city,
          tomb_entry_forgotten_bobbens, lemuel_freeze_loot_1
Depths:1: layout_gridlike, hell_entry, abyss_entry_small_statue_room,
          kennysheep_generic_room_4, serial_bayou_shore_a, minmay_shop_grove,
          grunt_megastairs_3, serial_bayou_shore_b
Depths:2: kennysheep_water_balloons, layout_gridlike, enter_ziggurat_e,
          okawaru_ov_weapons_minmay, pan_entry, lightli_too_deep, serial_shops,
          shop, door_vault, hangedman_decor_cross_pass,
          infiniplex_staircase_pillars_2
Depths:3: minmay_tile_spiral, layout_gridville, serial_shops,
          bzr_entry_lakeside, abyss_entry_crystal, grunt_hell_entry_dis_old,
          roderic_lattice_octagonal_star
Depths:4: grunt_zot_entry_funnels, layout_cave_pools, serial_shops,
          nicolae_shop_back_alley_shop, pan_entry,
          minmay_misc_feat_four_crosses, hell_entry,
          nicolae_abyss_entry_one_way_or_another, minmay_shop_star
Hell
Zot:1:    layout_basic
Zot:2:    layout_misc_corridors
Zot:3:    layout_gridlike, grunt_ministairs_11, regret_index_zotdec_onion_hex
Zot:4:    layout_onion_interference, regret_index_zotdec_split_disrupt,
          grunt_megastairs_2
Zot:5:    layout_basic, st_stairs_5, nicolae_diode_intersection

Skill      XL: |  1  2  3  4  5  6  7  8  9 10 11 12 13 14 15 16 17 18 19 20 21 22 23 24 25 26 27 |
---------------+----------------------------------------------------------------------------------+-----
Earth Magic    | 4 5 6 7 8 9 10 11 12 13 14 15 16 17 18 19 20 21 22 | 22.8
Spellcasting   | 3 4 5 6 7 8 9 10 11 12 13 14 15 16 17 18 19 20 21 22 23 24 | 24.8
Conjurations   | 1 2 3 4 6 7 8 9 10 12 13 14 16 17 18 19 20 21 22 | 22.9
Fighting       | 1 2 3 4 5 6 7 8 9 10 11 12 15 | 15.2
Staves         | 1 2 3 4 5 6 7 8 9 10 11 12 | 12.0
Dodging        | 2 3 4 5 6 7 8 9 10 11 13 | 13.4
Evocations     | 1 2 3 4 5 6 7 8 9 10 11 12 13 | 13.6
Fire Magic     | 2 5 7 8 10 11 12 13 15 16 17 19 20 21 22 | 22.4
Transmutations | 2 |  2.0
Stealth        | |  2.1

Action                     |  1- 3 |  4- 6 |  7- 9 | 10-12 | 13-15 | 16-18 | 19-21 | 22-24 | 25-27 || total
---------------------------+-------+-------+-------+-------+-------+-------+-------+-------+-------++-------
  Melee: Mace              |     8 |     8 |     4 |       |       |       |       |       |       ||    20
         Flail             |       |       |     6 |     1 |       |       |       |       |       ||     7
         Staff             |       |       |       |     5 |    60 |    55 |    16 |    20 |   108 ||   264
  Throw: Throwing net      |       |       |       |     2 |       |       |       |       |       ||     2
   Cast: Sandblast         |    42 |    87 |   125 |   161 |   207 |   206 |    28 |       |       ||   856
         Stone Arrow       |       |     1 |    30 |    45 |    45 |     5 |       |       |       ||   126
         Lee's Rapid Decon |       |       |       |    86 |   154 |    90 |   266 |   208 |    33 ||   837
         Sticky Flame      |       |       |       |     1 |     4 |    28 |       |       |       ||    33
         Bombard           |       |       |       |       |    91 |   155 |   132 |   142 |   113 ||   633
         Starburst         |       |       |       |       |     1 |    54 |    24 |     7 |    20 ||   106
         Fireball          |       |       |       |       |       |   199 |   202 |    52 |    19 ||   472
         Irradiate         |       |       |       |       |       |     4 |       |       |     1 ||     5
         Passwall          |       |       |       |       |       |     2 |       |       |    11 ||    13
         Ignition          |       |       |       |       |       |       |    10 |     6 |     4 ||    20
         Lehudib's Crystal |       |       |       |       |       |       |     2 |    55 |    44 ||   101
         Fire Storm        |       |       |       |       |       |       |     2 |    25 |   222 ||   249
         Shatter           |       |       |       |       |       |       |       |    48 |    67 ||   115
         Apportation       |       |       |       |       |       |       |       |       |     2 ||     2
         Plasma Beam       |       |       |       |       |       |       |       |       |     2 ||     2
  Evoke: Wand              |       |       |       |     3 |     8 |    10 |       |       |     1 ||    22
         Phial of floods   |       |       |       |       |     1 |       |       |       |       ||     1
         Condenser vane    |       |       |       |       |     1 |     2 |       |       |       ||     3
         Sack of spiders   |       |       |       |       |       |     1 |       |       |       ||     1
    Use: Potion            |       |     1 |       |     3 |     2 |     8 |     3 |     2 |     4 ||    23
         Scroll            |       |    14 |     6 |     8 |    14 |     6 |     5 |     2 |    13 ||    68
   Stab: Sleeping          |     1 |       |     1 |       |       |       |       |       |     1 ||     3
         Distracted        |       |     1 |       |       |       |       |     1 |       |       ||     2
         Invisible         |       |       |       |       |       |     2 |       |       |       ||     2
 Armour: Robe              |    15 |    28 |    56 |   109 |   138 |   271 |   156 |   133 |   215 ||  1121
  Dodge: Dodged            |    12 |    26 |    71 |   133 |   292 |   369 |   133 |    87 |   121 ||  1244

Table legend: (Time is in decaauts)
 A = Elapsed time spent in this place.
 B = Non-inter-level travel time spent in this place.
 C = Inter-level travel time spent in this place.
 D = Time resting spent in this place.
 E = Time spent auto-exploring this place.
 F = Levels seen in this place.
 G = Mean time per level.
                   A        B        C        D        E       F      G
               +--------+--------+--------+--------+--------+-----+--------+
         Total |  70389 |  61779 |   8610 |  22436 |   4973 |  56 | 1256.9 |
       Dungeon |  18460 |  15139 |   3321 |   5428 |    814 |  15 | 1230.7 |
        Temple |     52 |      3 |     49 |      0 |      0 |   1 |   52.0 |
          Lair |   8890 |   7748 |   1142 |   3373 |    363 |   5 | 1778.0 |
         Swamp |   3740 |   3502 |    238 |   1220 |    245 |   4 |  935.0 |
   Spider Nest |   7366 |   6857 |    509 |   3769 |    278 |   4 | 1841.5 |
  Orcish Mines |   1916 |   1720 |    196 |    749 |    188 |   2 |  958.0 |
   Elven Halls |   4127 |   3650 |    477 |    937 |    540 |   3 | 1375.7 |
        Vaults |   8166 |   7171 |    995 |   2500 |    633 |   5 | 1633.2 |
         Crypt |   2873 |   2766 |    107 |    626 |    437 |   3 |  957.7 |
        Depths |   6145 |   5190 |    955 |   1561 |    927 |   4 | 1536.2 |
          Hell |    916 |    757 |    159 |    194 |     40 |   1 |  916.0 |
           Zot |   5505 |   5048 |    457 |   1327 |    440 |   5 | 1101.0 |
         Abyss |    235 |    235 |      0 |      3 |      0 |   1 |  235.0 |
        Bazaar |    127 |    127 |      0 |      0 |      0 |   1 |  127.0 |
      Ice Cave |   1140 |   1140 |      0 |    583 |     68 |   1 | 1140.0 |
        Wizlab |    721 |    721 |      0 |    165 |      0 |   1 |  721.0 |
               +--------+--------+--------+--------+--------+-----+--------+

Top non-repeatable levels by time:
  Lair:1: 2481 daAuts
Spider:4: 2380 daAuts
     D:8: 2113 daAuts
Spider:2: 2111 daAuts
Vaults:2: 2071 daAuts
   Zot:5: 2029 daAuts
Depths:1: 1905 daAuts
  Lair:4: 1859 daAuts
  Lair:3: 1818 daAuts
Spider:1: 1770 daAuts
Vaults:1: 1762 daAuts
Vaults:3: 1709 daAuts
     D:9: 1670 daAuts
     D:6: 1652 daAuts
Depths:2: 1625 daAuts
